 Dungeon Crawl Stone Soup version 0.31-a0-348-g810772c3d7 (webtiles) character file.

Game seed: 917247133921039507

389 BritishOli the Trooper (level 6, -5/49 HPs)
             Began as a Demonspawn Fighter on July 23, 2023.
             Slain by Pikel
             ... wielding a +1 whip of flaming
              (7 damage)
             ... on level 4 of the Dungeon.
             The game lasted 00:02:15 (2551 turns).

BritishOli the Trooper (Demonspawn Fighter)         Turns: 2551, Time: 00:02:16

Health: -5/49      AC: 11    Str: 24    XL:     6   Next: 50%
Magic:  6/6        EV:  6    Int: 10    God:
Gold:   144        SH:  4    Dex: 12    Spells: 5/5 levels left

rFire   . . .        a - +0 war axe
rCold   . . .        c - +0 buckler
rNeg    . . .        i - +0 plate armour
rPois   .            (no helmet)
rElec   .            (no cloak)
rCorr   .            (no gloves)
SInv    .            (no boots)
Will    .....        (no amulet) Stlth
                     r - +6 ring of strength
HPRegen 0.28/turn    (no ring)
MPRegen 0.10/turn

%: no passive effects
@: no status effects
A: claws 1, demonic guardian 1
a: no special abilities


You were on level 4 of the Dungeon.
You visited 1 branch of the dungeon, and saw 4 of its levels.

You collected 144 gold pieces.

Inventory:

Hand Weapons
 a - a +0 war axe (weapon)
Armour
 c - a +0 buckler (worn)
 i - a +0 plate armour (worn)
Jewellery
 r - a +6 ring of strength (left claw)
Wands
 q - a wand of polymorph (5)
Scrolls
 b - a scroll of amnesia {unknown}
 e - a scroll of summoning {unknown}
 g - 3 scrolls of teleportation {unknown}
 k - 2 scrolls of enchant armour {unknown}
 p - a scroll of immolation {unknown}
Potions
 d - a potion of might
 f - 3 potions of heal wounds {unknown}
 h - 2 potions of curing {unknown}
 j - a potion of invisibility {unknown}
 l - a potion of magic {unknown}
 m - 2 potions of berserk rage {unknown}
 n - a potion of degeneration {unknown}
 o - a potion of cancellation {unknown}


   Skills:
 + Level 4.5 Fighting
 * Level 4.4 Axes
 + Level 4.0 Armour
 - Level 3.0 Shields


You had 5 spell levels left.
You didn't know any spells.
Your spell library contained the following spells:

 Spells                   Type           Power      Damage    Failure   Level
 Dazzling Flash           Conj/Hex       0%         N/A       100%        3
 Portal Projectile        Hex/Tloc       0%         N/A       100%        3
 Tukima's Dance           Hex            0%         N/A       100%        3
 Iskenderun's Mystic Bla  Conj/Tloc      0%         2d3       100%        4
 Agony                    Necr           0%         N/A       100%        5
 Silence                  Hex/Air        0%         N/A       100%        5


Dungeon Overview and Level Annotations

Branches:
Dungeon (4/15)
 Temple: D:4-7

Altars:

Annotations:
D:4 Pikel


Innate Abilities, Weirdness & Mutations

You have sharp fingernails.
A weak demonic guardian rushes to your aid.


Message History

Pikel hits you with a +1 whip of flaming.
Pikel burns you. The lemure closely misses you. The lemure hits you.
You hit Pikel.
Pikel is lightly wounded.
You closely miss the lemure. x2
Pikel hits you with a +1 whip of flaming.
Pikel burns you. The lemure barely misses you.
The lemure hits you but does no damage.
You hit Pikel but do no damage.
Pikel is lightly wounded.
You hit the lemure. You barely miss the lemure. You slash the lemure!
Pikel hits you but does no damage. The lemure hits you but does no damage.
You block the lemure's attack. The lemure barely misses you.
You closely miss Pikel.
Pikel is lightly wounded.
You closely miss the lemure. You hit the lemure. x2
Pikel hits you with a +1 whip of flaming.
Pikel burns you. The lemure barely misses you. The lemure hits you.
The lemure barely misses you.
Pikel hits you with a +1 whip of flaming.
* * * LOW HITPOINT WARNING * * *
A demonic guardian appears!
Pikel burns you.
* * * LOW HITPOINT WARNING * * *
The lemure hits you but does no damage. x2; The lemure barely misses you.
There's nothing to close nearby.
Aiming: Polymorph
Press: ? - help, Shift-Dir - straight line, f - Pikel
Aim: Pikel, wielding a +1 whip of flaming and wearing a +0 robe (lightly wounded, will become a black bear, a blink frog, or a bullfrog, chance to affect: 49%) Pikel resists with some effort.
Pikel hits you with a +1 whip of flaming.
* * * LOW HITPOINT WARNING * * *
Pikel burns you.
* * * LOW HITPOINT WARNING * * *
You block the lemure's attack. The lemure hits you but does no damage.
The lemure barely misses you.
You completely miss Pikel.
Pikel is lightly wounded.
You barely miss the lemure. You slash the lemure! You barely miss the lemure.
Pikel hits you with a +1 whip of flaming!
You die...

##...<###..## ##....#
##..## ......## ##..##
....†..## ##..##
..).##..## ##..#
....###..## #..##
....####..###...# #
.....###........####...#
.##...###......5@K5.....
####.......[...555......
# ##...........K.......
## ##....(..............
.###....................
.............>.......###
.....####..........###
#...## ##........##
##..# ......


You could see Pikel, 4 lemures, a kobold and a friendly iron imp (summoned).

Vanquished Creatures
  A hound (D:4)
  An orc wizard (D:3)
  Ijyb (D:3)
  Natasha (D:2)
  4 adders
  4 dart slugs
  3 orcs (D:3)
  4 ball pythons
  5 bats
  5 endoplasms
  6 giant cockroaches
  11 goblins
  6 hobgoblins
  7 jackals (D:1)
  8 kobolds
  A quokka (D:1)
  6 frilled lizards
  11 rats
85 creatures vanquished.

Vanquished Creatures (collateral kills)
  Sigmund (D:3)
1 creature vanquished.

Grand Total: 86 creatures vanquished

Notes
Turn   | Place    | Note
-------+----------+-------------------------------------------
     0 | D:1      | BritishOli the Demonspawn Fighter began the quest for the
                  | Orb.
     0 | D:1      | Reached XP level 1. HP: 18/18 MP: 1/1
   131 | D:1      | Gained mutation: You have sharp fingernails. [demonic
                  | ancestry]
   131 | D:1      | Reached XP level 2. HP: 24/24 MP: 2/2
   346 | D:1      | Gained mutation: A weak demonic guardian rushes to your
                  | aid. [demonic ancestry]
   346 | D:1      | Reached XP level 3. HP: 29/29 MP: 3/3
   649 | D:1      | Found a faded altar of an unknown god.
  1131 | D:2      | Reached XP level 4. HP: 35/35 MP: 4/4
  1182 | D:2      | Noticed Natasha
  1193 | D:2      | Killed Natasha
  1764 | D:3      | Identified the +2 robe "Kaqeuck" {Int+5 Stlth-}
  1853 | D:3      | Reached XP level 5. HP: 42/42 MP: 5/5
  2093 | D:3      | Noticed Sigmund
  2116 | D:3      | Killed Sigmund
  2117 | D:3      | Reached XP level 6. HP: 33/49 MP: 6/6
  2385 | D:3      | Noticed Ijyb
  2396 | D:3      | Killed Ijyb
  2540 | D:4      | Noticed Pikel
  2550 | D:4      | HP: 1/49 [Pikel/+1 whip of flaming (2)]
  2551 | D:4      | Slain by Pikel

Illustrated notes

Levels and vault maps discovered:
D:1:      matt_arrival_los_fun, layout_basic, ebering_ecumenical_altar_mist,
          minmay_split_cup_small
D:2:      layout_basic, grunt_ministairs_8, minmay_misc_feat_enclosed,
          uniq_natasha
D:3:      kennysheep_the_goblin_king, layout_loops_ring, uniq_ijyb, uniq_sigmund
D:4:      layout_layer_cave, uniq_pikel

Skill      XL: |  1  2  3  4  5  6 |
---------------+-------------------+-----
Axes           | 2 3 4 |  4.4
Armour         | 3 4 |  4.0
Shields        | 3 |  3.0
Fighting       | 4 |  4.5

Action                     |  1- 3 |  4- 6 || total
---------------------------+-------+-------++-------
  Melee: War axe           |    81 |   125 ||   206
  Evoke: Wand              |       |     1 ||     1
 Armour: Scale mail        |    35 |       ||    35
         Plate armour      |    16 |    84 ||   100
         Skin              |       |     5 ||     5
  Dodge: Dodged            |    45 |    38 ||    83
  Block: Buckler           |    15 |    29 ||    44

Table legend: (Time is in decaauts)
 A = Elapsed time spent in this place.
 B = Non-inter-level travel time spent in this place.
 C = Inter-level travel time spent in this place.
 D = Time resting spent in this place.
 E = Time spent auto-exploring this place.
 F = Levels seen in this place.
 G = Mean time per level.
                   A        B        C        D        E       F      G
               +--------+--------+--------+--------+--------+-----+--------+
         Total |   2651 |   2552 |     99 |    105 |   1930 |   4 |  662.8 |
       Dungeon |   2651 |   2552 |     99 |    105 |   1930 |   4 |  662.8 |
               +--------+--------+--------+--------+--------+-----+--------+

Top non-repeatable levels by time:
     D:1: 950 daAuts
     D:3: 895 daAuts
     D:2: 699 daAuts
     D:4: 105 daAuts
